 Dungeon Crawl Stone Soup version 0.28.0-53-g5a82cb258f (webtiles) character file.

Game seed: 3763241140302958361

46 safid the Digger (level 3, -3/20 HPs)
             Began as a Gargoyle Earth Elementalist on Aug 29, 2022.
             Killed from afar by an orc wizard (9 damage)
             ... with a magic dart
             ... on level 3 of the Dungeon.
             The game lasted 00:03:01 (2215 turns).

safid the Digger (Gargoyle Earth Elementalist)      Turns: 2215, Time: 00:03:02

Health: -3/20      AC:  6    Str: 11    XL:     3   Next: 68%
Magic:  5/6        EV: 12    Int: 17    God:
Gold:   26         SH:  0    Dex: 10    Spells: 2/6 levels left

rFire   . . .      SeeInvis .   a - +1 dagger (venom)
rCold   . . .      Faith    .   (no shield)
rNeg    + . .      Spirit   .   b - +0 robe
rPois   ∞          Reflect  .   l - +0 helmet
rElec   +          Harm     .   (no cloak)
rCorr   .          Rampage  .   (no gloves)
Will    .....                   (no boots)
Stlth   ++........              (no amulet)
HPRegen 0.06/turn               (no ring)
MPRegen 0.10/turn               (no ring)

@: no status effects
A: sickness immunity, AC +3, negative energy resistance 1, electricity
resistance, torment resistance 1, petrification resistance
a: no special abilities


You were on level 3 of the Dungeon.
You visited 1 branch of the dungeon, and saw 3 of its levels.

You collected 26 gold pieces.

Inventory:

Hand Weapons
 a - a +1 dagger of venom (weapon)
Missiles
 c - 100 stones
Armour
 b - a +0 robe (worn)
 l - a +0 helmet (worn)
Wands
 k - a wand of flame (25)
Scrolls
 e - a scroll of identify {unknown}
 f - 2 scrolls of vulnerability {unknown}
 h - a scroll of blinking {unknown}
 i - a scroll of noise {unknown}
 m - a scroll of silence {unknown}
Potions
 d - a potion of heal wounds {unknown}
 g - 2 potions of curing {unknown}
 j - a potion of attraction {unknown}


   Skills:
 + Level 1.0 Fighting
 - Level 2.0 Dodging
 + Level 2.9 Stealth
 + Level 2.3 Spellcasting
 - Level 1.0 Transmutations
 + Level 4.1 Earth Magic


You had 2 spell levels left.
You knew the following spells:

 Your Spells              Type           Power      Damage    Failure   Level
a - Sandblast             Erth           30%        2d9       3%          1
b - Stone Arrow           Conj/Erth      16%        3d8       24%         3

Your spell library contained the following spells:

 Spells                   Type           Power      Damage    Failure   Level
 Passwall                 Tmut/Erth      8%         N/A       10%         2
 Animate Skeleton         Necr           4%         N/A       19%         1
 Apportation              Tloc           4%         N/A       19%         1
 Summon Small Mammal      Summ           8%         N/A       19%         1
 Petrify                  Tmut/Erth      10%        N/A       54%         4


Dungeon Overview and Level Annotations

Branches:
Dungeon (3/15)

Altars:
Sif Muna


Innate Abilities, Weirdness & Mutations

You are immune to sickness and miasma.
Your stone body is resilient. (AC +3)
You are immune to poison.
You resist negative energy. (rN+)
You are resistant to electric shocks. (rElec)
You are resistant to unholy torment.
You are immune to petrification.


Message History

The ball python is moderately wounded.
You kill the orc!
The ball python bites you but does no damage.
The ball python constricts you. The orc hits you but does no damage.
Something hits you but does no damage.
You hit the ball python but do no damage.
The ball python looks as sick as possible!
The ball python is severely wounded.
You kill the ball python!
The orc closely misses you. Something hits you.
Your Fighting skill increases to level 1!
You hit the orc.
The orc is poisoned.
The orc is moderately wounded.
The orc barely misses you. Something hits you but does no damage.
Unknown command.
You closely miss the orc.
The orc is moderately wounded.
The orc hits you with a +0 whip. Something hits you.
You are too injured to fight recklessly!
You are too injured to fight recklessly!
Sorry, you're not good enough to have a special ability.
Unknown command.
Sorry, you're not good enough to have a special ability.
Unknown command.
Casting: Sandblast (safe; 3% risk of failure)
Confirm with . or Enter, or press ? or * to list all spells.
Aiming: Sandblast (safe; 3% risk of failure)
Press: ? - help, Shift-Dir - straight line, f - orc
Aim: an orc, wielding a +0 whip (moderately wounded, very poisoned, 79% to hit)
The blast of sand hits the orc!
You kill the orc!
Something hits you but does no damage.
You hit something. Something hits you but does no damage.
You miss something. Something hits you.
* * * LOW HITPOINT WARNING * * *
You hit something but do no damage.
You hear some strange, mumbled words.
A magic dart appears from out of thin air!
The magic dart hits you!
You die...

## ##
##..#####..##
##......)....##
....⌠?.@).⌠...+
##....).{...!##
##..#####..##
## ##


There were no monsters in sight!

Vanquished Creatures
  A worm (D:2)
  4 orcs (D:3)
  7 ball pythons
  A bat (D:2)
  5 endoplasms
  2 giant cockroaches
  3 goblins (D:1)
  2 hobgoblins (D:1)
  2 jackals (D:1)
  A quokka (D:2)
  A frilled lizard (D:1)
  2 kobolds (D:1)
  2 rats (D:2)
33 creatures vanquished.

Notes
Turn   | Place    | Note
-------+----------+-------------------------------------------
     0 | D:1      | safid the Gargoyle Earth Elementalist began the quest for
                  | the Orb.
     0 | D:1      | Reached XP level 1. HP: 10/10 MP: 3/3
   368 | D:1      | Reached skill level 1 in Transmutations
   368 | D:1      | Reached XP level 2. HP: 10/15 MP: 5/5
   458 | D:1      | Found a faded altar of an unknown god.
  1324 | D:2      | Reached XP level 3. HP: 20/20 MP: 6/6
  1460 | D:2      | Found a shimmering blue altar of Sif Muna.
  1588 | D:2      | Reached skill level 4 in Earth Magic
  1672 | D:2      | Learned a level 3 spell: Stone Arrow
  2210 | D:3      | Reached skill level 1 in Fighting
  2215 | D:3      | Killed from afar by an orc wizard

Illustrated notes

Levels and vault maps discovered:
D:1:      psy_arrival_dodecagon, layout_loops_ring,
          ebering_ecumenical_altar_mist
D:2:      layout_basic, basic_altar
D:3:      layout_basic, chequers_temple_overflow_statue_of_worship,
          lemuel_doored_altar, minmay_misc_feat_secret_circle,
          grunt_ministairs_15, uniq_terence, uniq_ijyb, uniq_grinder,
          uniq_jessica

Skill      XL: |  1  2  3 |
---------------+----------+-----
Transmutations | 1 |  1.0
Earth Magic    | 4 |  4.1
Dodging        | 2 |  2.0
Fighting       | 1 |  1.0
Stealth        | |  2.9
Spellcasting   | |  2.3

Action                   || total
-------------------------++-------
Melee: Club              ||    32
       Dagger            ||    49
       Punch             ||     2
 Cast: Sandblast         ||     9
 Stab: Sleeping          ||     4
       Distracted        ||     1
Armor: Robe              ||    31
Dodge: Dodged            ||    54
